Map: Odyssey LE

Players

Juxtapose - Winner!

  • Race: Terran Terran
  • Spawn Location: 11:00

A.I. 1 (Elite)

  • Race: Protoss Protoss
  • Spawn Location: 5:00

VOD

https://youtu.be/tGGutQM_Tvo

Description

Another intense match for me with the Elite AI, and I'm pleased with how I did. I should have built an extra Barracks and more Supply Depots as well, but I'm still learning proper macro.

Interestingly, I think I may have maxed the Versus AI's difficulty...

Time

  • Played on: July 12, 2017, 6:06 p.m.
  • Length: 16:47
Show
View Real Time Build Order
Export as new Build Order

Juxtapose Terran - Winner!

Build Orders:  

Get SALT Encoding   

  12  0:01  SCV  
  13  0:13  SCV  
  14  0:21  Supply Depot  
  14  0:25  SCV  
  15  0:43  SCV  
  15  0:46  Barracks  
  16  0:55  SCV  
  17  1:01  Supply Depot  
  17  1:05  Refinery  
  17  1:07  SCV  
  18  1:19  SCV  
  19  1:31  SCV  
  20  1:36  Refinery  
  20  1:43  Marine  
  20  1:46  Orbital Command  
  21  2:16  SCV  
  21  2:18  Barracks Reactor  
  22  2:28  SCV  
  23  2:31  Factory  
  23  2:38  Barracks  
  23  2:40  Engineering Bay  
  23  2:41  SCV  
  24  2:53  SCV  
  25  3:00  Supply Depot  
  25  3:03  Marine  
  25  3:04  Marine, Command Center  
  27  3:11  Missile Turret  
  27  3:18  SCV  
  28  3:21  Marine  
  28  3:22  Factory Tech Lab  
  29  3:30  SCV  
  30  3:34  Terran Infantry Weapons Level 1  
  30  3:43  Supply Depot  
  30  3:44  Siege Tank  
  30  3:45  Marine  
  30  3:47  Marine  
  35  4:08  Barracks Tech Lab  
  35  4:10  Marine x2  
  37  4:18  Starport  
  37  4:22  Siege Tank  
  40  4:24  Orbital Command  
  40  4:35  Marine x2  
  40  4:36  Combat Shields  
  40  4:38  Marauder  
  44  4:45  Orbital Command  
  44  4:59  Marauder  
  46  5:07  Missile Turret, Marine x2  
  46  5:09  Widow Mine  
  50  5:15  SCV x2  
  50  5:20  Marine  
  53  5:21  Supply Depot  
  53  5:25  Marine x2  
  55  5:36  Starport Tech Lab  
  55  5:37  Widow Mine  
  55  5:39  Marauder  
  59  5:43  Marine x2  
  59  5:44  Terran Infantry Armor Level 1, Supply Depot  
  59  5:47  SCV  
  62  5:59  Marine  
  62  6:02  SCV x2  
  65  6:06  Siege Tank  
  68  6:21  Marine  
  68  6:22  Marine  
  68  6:23  Medivac  
  72  6:29  SCV x2  
  74  6:38  Marine, Siege Tank  
  74  6:39  Armory  
  78  6:44  Supply Depot  
  78  6:51  Refinery  
  78  6:53  Refinery  
  78  7:05  Marine x2, Medivac  
  78  7:06  Supply Depot  
  82  7:14  Marine  
  83  7:18  SCV x2  
  85  7:23  Marine  
  85  7:27  Marine  
  87  7:30  SCV x2, Supply Depot  
  87  7:34  Marauder  
  87  7:35  Concussive Shells, Medivac  
  93  7:41  Marine  
  94  7:52  Marine  
  94  7:54  Supply Depot  
  94  7:56  Marauder  
  97  8:03  Marine  
  98  8:05  Medivac  
  98  8:06  Command Center  
  98  8:09  Marine  
  101  8:17  Marauder  
  103  8:21  Marine  
  103  8:24  Stimpack  
  104  8:27  Marine  
  104  8:29  Siege Tank  
  108  8:35  Viking, Supply Depot  
  110  8:56  Marine x2  
  110  8:57  SCV  
  111  9:05  Viking  
  111  9:08  Marine  
  111  9:09  SCV  
  115  9:14  Marine x2  
  115  9:26  Marine  
  115  9:32  Marine x2  
  115  9:37  SCV  
  118  9:39  Medivac  
  118  9:41  Siege Tank  
  118  9:44  Marine  
  124  9:49  SCV  
  124  9:50  Marine x2  
  127  9:54  Terran Vehicle Weapons Level 1  
  127  9:55  Terran Infantry Weapons Level 2  
  127  10:02  Marine  
  128  10:08  Marine, Marauder  
  128  10:09  Planetary Fortress  
  131  10:15  SCV  
  131  10:16  SCV  
  133  10:36  Supply Depot  
  133  10:55  SCV  
  133  10:57  SCV, Marine x2  
  133  10:58  Marauder  
  118  11:06  Siege Tank  
  108  11:15  Marine x2  
  92  11:19  Marine  
  89  11:33  Marine x2  
  89  11:34  Medivac  
  89  11:37  Marine  
  89  11:38  Siege Tank  
  97  11:51  Marine x2  
  99  11:54  Marine  
  100  12:04  Medivac  
  100  12:09  Marine  
  100  12:11  Marine  
  100  12:12  Marine  
  103  12:26  Marine  
  103  12:29  Marine  
  105  12:31  Marauder  
  105  12:34  Raven  
  106  12:42  Siege Tank  
  109  12:44  Marine  
  109  12:47  Marine  
  110  12:52  Marauder  
  110  12:53  Terran Infantry Armor Level 2  
  110  12:55  Terran Vehicle Weapons Level 2  
  112  13:02  Marine  
  112  13:05  Marine  
  114  13:06  Refinery  
  114  13:13  Marine  
  114  13:14  Siege Tank  
  114  13:17  Raven  
  120  13:20  Marine  
  120  13:23  Marine  
  122  13:31  Marine  
  123  13:38  Marine  
  123  13:40  Marine  
  124  14:02  Marine x3  
  123  14:04  Siege Tank  
  123  14:05  Medivac  
  123  14:08  Command Center  
  123  14:35  Marine x3, Medivac  
  123  14:36  Siege Tank  
  131  14:53  Marine  
  131  14:54  Marine x2  
  131  14:56  Command Center  
  134  15:01  Refinery  
  134  15:15  Corvid Reactor  
  134  15:19  Drilling Claws  
  134  15:22  Marine x3  
  137  15:32  Planetary Fortress  
  137  15:36  Refinery  
  137  15:56  Refinery  
  137  16:22  SCV x2  
Show
View Real Time Build Order
Export as new Build Order

A.I. 1 (Elite) Protoss 

Build Orders: 1 Gate Expand, Zealot Archon 

Get SALT Encoding   

  12  0:01  Probe (Chrono Boost)  
  13  0:11  Probe (Chrono Boost)  
  14  0:20  Pylon  
  14  0:22  Probe (Chrono Boost)  
  15  0:38  Probe (Chrono Boost)  
  16  0:48  Probe (Chrono Boost)  
  17  0:50  Gateway  
  17  0:59  Probe (Chrono Boost)  
  18  1:07  Assimilator  
  18  1:10  Probe (Chrono Boost)  
  19  1:11  Pylon  
  19  1:20  Probe (Chrono Boost)  
  20  1:31  Nexus  
  20  1:41  Cybernetics Core  
  20  1:45  Probe (Chrono Boost)  
  21  1:48  Zealot  
  23  2:04  Gateway  
  23  2:05  Probe (Chrono Boost)  
  25  2:16  Probe (Chrono Boost), Pylon  
  25  2:20  Warp Gate, Zealot  
  27  2:28  Probe (Chrono Boost)  
  28  2:38  Assimilator  
  28  2:40  Probe (Chrono Boost)  
  28  2:43  Probe (Chrono Boost)  
  30  2:44  Adept  
  32  2:54  Adept  
  35  2:59  Probe (Chrono Boost)  
  35  3:06  Pylon  
  35  3:08  Probe (Chrono Boost)  
  35  3:11  Adept  
  38  3:19  Stalker  
  38  3:22  Probe (Chrono Boost)  
  38  3:24  Probe (Chrono Boost)  
  42  3:33  Probe (Chrono Boost)  
  43  3:36  Probe (Chrono Boost)  
  43  3:40  Robotics Facility  
  44  3:44  Probe (Chrono Boost)  
  44  3:45  Adept  
  44  3:47  Probe (Chrono Boost)  
  48  3:54  Adept  
  49  3:56  Probe (Chrono Boost)  
  49  3:59  Probe (Chrono Boost)  
  52  4:06  Pylon  
  52  4:07  Probe (Chrono Boost)  
  54  4:10  Probe (Chrono Boost)  
  54  4:18  Probe (Chrono Boost)  
  54  4:22  Probe (Chrono Boost), Stalker  
  58  4:26  Immortal  
  58  4:28  Pylon  
  58  4:29  Probe (Chrono Boost)  
  63  4:33  Probe (Chrono Boost), Stalker  
  66  4:41  Probe (Chrono Boost)  
  66  4:45  Probe (Chrono Boost), Robotics Facility  
  68  4:47  Stalker  
  70  4:57  Probe (Chrono Boost)  
  70  4:59  Probe (Chrono Boost)  
  72  5:01  Immortal  
  72  5:04  Pylon  
  76  5:07  Pylon  
  76  5:12  Stalker  
  78  5:22  Stalker  
  78  5:24  Probe (Chrono Boost), Assimilator  
  78  5:27  Twilight Council  
  81  5:29  Assimilator  
  81  5:39  Sentry, Pylon  
  83  5:45  Gateway  
  83  5:47  Probe (Chrono Boost)  
  83  5:48  Probe (Chrono Boost)  
  85  5:57  Zealot  
  85  5:58  Probe (Chrono Boost)  
  85  5:59  Probe (Chrono Boost)  
  85  6:03  Pylon  
  89  6:05  Templar Archives  
  89  6:09  Probe (Chrono Boost)  
  90  6:17  Forge  
  90  6:20  Forge  
  90  6:27  Nexus  
  90  6:36  Stalker  
  92  6:41  High Templar, Stalker  
  92  6:46  Pylon  
  96  6:52  Pylon  
  96  6:54  Protoss Ground Weapons Level 1  
  96  6:57  High Templar  
  96  7:00  Gateway  
  98  7:01  Sentry  
  98  7:08  Observer  
  100  7:13  Photon Cannon  
  101  7:16  Pylon  
  101  7:17  Archon  
  101  7:18  Zealot  
  101  7:19  Warp Prism  
  105  7:24  High Templar  
  105  7:29  Warp Prism  
  107  7:35  High Templar  
  111  7:37  Photon Cannon  
  111  7:39  Photon Cannon  
  111  7:42  Probe x3 (Chrono Boost), Protoss Ground Armor Level 1  
  114  7:48  Archon  
  114  7:51  Assimilator  
  114  7:53  Probe (Chrono Boost)  
  114  7:54  Probe x2 (Chrono Boost), Pylon  
  114  7:57  Assimilator  
  117  7:59  High Templar  
  117  8:04  Probe (Chrono Boost)  
  121  8:05  Probe (Chrono Boost)  
  121  8:07  Probe (Chrono Boost)  
  121  8:10  Photon Cannon  
  122  8:13  High Templar  
  122  8:14  Photon Cannon  
  122  8:16  Probe x2 (Chrono Boost)  
  122  8:18  Probe (Chrono Boost), Pylon  
  127  8:22  Psionic Storm  
  128  8:28  Probe (Chrono Boost)  
  128  8:29  Probe x2 (Chrono Boost), Archon  
  130  8:38  High Templar, Photon Cannon  
  130  8:39  Probe (Chrono Boost)  
  130  8:40  Probe x2 (Chrono Boost)  
  130  8:41  Photon Cannon  
  135  8:47  High Templar  
  137  8:50  Stalker  
  137  8:53  Stalker  
  137  8:54  Gateway  
  141  8:55  Nexus  
  141  8:56  Probe (Chrono Boost)  
  141  9:05  Blink  
  141  9:09  Sentry  
  143  9:11  Photon Cannon  
  143  9:13  Stalker  
  143  9:15  Stalker  
  147  9:18  Pylon  
  147  9:21  Sentry  
  147  9:25  Immortal  
  147  9:30  Zealot  
  137  9:34  Immortal  
  137  9:35  Adept  
  137  9:37  Adept  
  145  9:43  Zealot  
  147  9:45  Pylon  
  147  9:48  Zealot  
  147  9:49  Stalker  
  147  9:52  Archon  
  151  9:54  Zealot  
  151  9:56  Zealot  
  155  10:02  Immortal  
  155  10:03  High Templar  
  161  10:08  Adept  
  161  10:10  Pylon  
  161  10:11  Zealot  
  161  10:12  Observer  
  161  10:13  Zealot  
  168  10:15  Assimilator, Zealot  
  168  10:17  Protoss Ground Weapons Level 2  
  168  10:18  Pylon  
  168  10:20  Assimilator  
  170  10:27  Zealot  
  172  10:30  High Templar  
  172  10:32  Zealot  
  172  10:33  Photon Cannon, Observer, Zealot  
  172  10:34  Zealot  
  181  10:40  Photon Cannon  
  181  10:42  Archon  
  181  10:44  Pylon  
  181  10:46  High Templar  
  183  10:50  Probe (Chrono Boost)  
  183  10:51  Gateway, Sentry  
  183  10:52  Stalker, Zealot  
  183  10:55  Nexus  
  189  11:00  Charge, Zealot  
  131  11:11  Zealot  
  131  11:12  High Templar  
  131  11:13  Adept  
  131  11:15  Stalker  
  111  11:19  Adept  
  83  11:31  Zealot x2  
  81  11:37  High Templar, Sentry  
  85  11:42  Zealot  
  85  11:45  High Templar  
  74  11:50  Adept, Zealot  
  67  11:59  Sentry  
  67  12:01  Adept  
  65  12:07  Zealot  
  61  12:09  High Templar, Stalker  
  61  12:14  Probe x2 (Chrono Boost)  
  61  12:15  Probe (Chrono Boost)  
  63  12:17  Stalker  
  63  12:19  Probe (Chrono Boost)  
  63  12:20  Sentry, Adept  
  66  12:25  Archon  
  66  12:26  Probe (Chrono Boost)  
  66  12:27  High Templar  
  69  12:32  High Templar  
  65  12:50  Nexus  
  65  12:51  High Templar  
  45  12:53  High Templar  
  38  13:00  High Templar, Archon  
  40  13:07  High Templar  
  42  13:19  Archon  
  38  13:35  Zealot  
  38  13:38  Nexus  
  36  13:41  Adept  
  36  13:48  Stalker  
  39  13:57  Stalker  
  19  14:31  Zealot  
  19  14:32  Probe (Chrono Boost), Adept, Stalker  
  19  14:33  Probe (Chrono Boost)  
  10  15:29  Nexus  
  7  16:36  Probe (Chrono Boost)  
Tags
 
Composition
Zealot Archon
Matchup
PvT
Spawn Locations
Cross Positions
Add a new tag
Caveats
  • Supply blocks, unpowered buildings, or Contaminate may cause inaccurate times.
  • Supply counts are checked every 10 seconds.